 Dungeon Crawl Stone Soup version 0.17.0-23-g0de4337 (webtiles) character file.

100 MDvedh the Conjurer (level 4, -2/24 HPs)
             Began as a Tengu Conjurer on Nov 14, 2015.
             Slain by an orc wizard
             ... wielding a +0 dagger
              (5 damage)
             ... on level 3 of the Dungeon.
             The game lasted 00:03:49 (2456 turns).

MDvedh the Conjurer (Tengu Conjurer)                Turns: 2456, Time: 00:03:49

Health: -2/24      AC:  2    Str:  9    XL:     4   Next: 74%
Magic:  0/11       EV: 12    Int: 16    God:
Gold:   146        SH:  0    Dex: 14    Spells: 3 memorised, 4 levels left

rFire  . . .     SeeInvis .     l - +0 dagger (venom)
rCold  . . .     Clarity  .     a - +0 robe
rNeg   . . .     SustAt   .     (no shield)
rPois  .         Gourm    .     (helmet restricted)
rElec  .         Spirit   .     (no cloak)
rCorr  .         Warding  .     (no gloves)
rMut   .         Stasis   .     (boots unavailable)
MR     .....                    (no amulet)
Stlth  ++........               (no ring)
                                (no ring)

@: not resistant to hostile enchantments, unstealthy
A: beak, talons 3
a: no special abilities


You were on level 3 of the Dungeon.
You were not hungry.

You visited 1 branch of the dungeon, and saw 3 of its levels.

You collected 146 gold pieces.

Inventory:

Hand Weapons
 l - a +0 dagger of venom (weapon)
Armour
 a - a +0 robe (worn)
Jewellery
 h - an uncursed ring of sustain attributes {unknown}
 q - an uncursed amulet of rage {unknown}
Scrolls
 d - a scroll of magic mapping {unknown}
 i - a scroll of blinking {unknown}
 k - 2 scrolls of remove curse {unknown}
 n - 2 scrolls of amnesia {unknown}
 o - a scroll of teleportation {unknown}
 p - a scroll of identify {unknown}
Potions
 e - a potion of invisibility {unknown}
 f - a potion of curing {unknown}
 g - a potion of lignification {unknown}
 j - a potion of mutation {unknown}
 s - a potion of flight {unknown}
Books
 b - a book of Conjurations

   Spells                             Type                      Level
   a - Magic Dart                     Conjuration                  1
   b - Searing Ray                    Conjuration                  2
   c - Dazzling Spray                 Conjuration/Hexes            3
   d - Fulminant Prism                Conjuration/Hexes            4
   e - Iskenderun's Mystic Blast      Conjuration                  4
   f - Iskenderun's Battlesphere      Conjuration/Charms           5
Comestibles
 c - 3 bread rations
 m - a slice of pizza
 t - a meat ration


   Skills:
 - Level 2.1 Dodging
 - Level 2.0 Stealth
 * Level 4.0 Spellcasting
 + Level 5.9 Conjurations


You had 4 spell levels left.
You knew the following spells:

 Your Spells              Type           Power        Failure   Level  Hunger
a - Magic Dart            Conj           ###.         1%          1    None
b - Searing Ray           Conj           ###...       2%          2    ##.....
f - Iskenderun's Mystic   Conj           ###.....     17%         4    ####...


Dungeon Overview and Level Annotations

Branches:
Dungeon (3/15)

Altars:


Innate Abilities, Weirdness & Mutations

You have a beak for a mouth.
You have claws for feet.


Message History

The orc wizard is heavily wounded.
You are too injured to fight recklessly!
You closely miss the orc wizard. Your kick misses the orc wizard.
You peck the orc wizard, but do no damage.
The orc wizard is heavily wounded.
The orc wizard barely misses you.
You hit the orc wizard but do no damage.
The orc wizard is poisoned.
The orc wizard is heavily wounded.
The orc wizard casts a cantrip, but nothing happens.
The orc wizard completely misses you.
Casting: Magic Dart
Confirm with . or Enter, or press ? or * to list all spells.
Aiming: Magic Dart
Press: ? - help, Shift-Dir - straight line, f/p - orc wizard
Aim: an orc wizard, wielding a dagger and wearing a robe (moderately wounded, fast, poisoned)
The magic dart hits the orc wizard.
The orc wizard is severely wounded.
The orc wizard hits you with a dagger.
You die...

##...##)#...#
#..#........####
...#...##.........
### ##.#.......#
#.#.###...# #.#.#
#...# #.#.###...#
##..o......#
#...@.....(#
#.##.####..# #.
#.# #..##### #
#.####..#...#
#.......(...#
##.#........##
#.#.........#####
.................#
...#.........###.#


You could see an orc wizard.

Vanquished Creatures
  2 gnolls (D:3)
  2 adders (D:2)
  An ooze (D:1)
  A giant gecko (D:2)
  3 orcs (D:3)
  5 bats
  9 goblins
  7 hobgoblins
  9 kobolds
  A ball python (D:1)
  2 giant cockroaches
  2 giant newts
  6 jackals
  7 rats
57 creatures vanquished.

Notes
Turn   | Place    | Note
--------------------------------------------------------------
     0 | D:1      | MDvedh the Tengu Conjurer began the quest for the Orb.
     0 | D:1      | Reached XP level 1. HP: 10/10 MP: 4/4
   207 | D:1      | Reached XP level 2. HP: 15/15 MP: 3/6
   211 | D:1      | Learned a level 2 spell: Searing Ray
   572 | D:1      | Reached XP level 3. HP: 19/19 MP: 4/8
  1604 | D:2      | Reached XP level 4. HP: 24/24 MP: 5/10
  1705 | D:2      | Learned a level 4 spell: Iskenderun's Mystic Blast
  2456 | D:3      | Slain by an orc wizard

Action                   |  1- 3 |  4- 6 || total
-------------------------+-------+-------++-------
Melee: Dagger            |    22 |    18 ||    40
 Cast: Magic Dart        |    41 |    26 ||    67
       Searing Ray       |     1 |       ||     1
       Iskenderun's Myst |       |     1 ||     1
 Stab: Sleeping          |     1 |     1 ||     2
  Eat: Chunk             |     2 |     3 ||     5
